 Dungeon Crawl Stone Soup version 0.29-a0-275-g389c0b56f3 (webtiles) character file.

Game seed: 3188421134578628591

22414 Dabor the Fighter (level 12, -9/154 HPs)
             Began as a Demonspawn Berserker on Mar 11, 2022.
             Was an Elder of Trog.
             Killed from afar by an efreet (14 damage)
             ... with a bolt of fire
             ... on level 13 of the Dungeon.
             The game lasted 00:36:12 (11063 turns).

Dabor the Fighter (Demonspawn Berserker)           Turns: 11063, Time: 00:36:13

Health: -9/154     AC: 33    Str: 38    XL:     12   Next: 62%
Magic:  0/12       EV: 16    Int:  9    God:    Trog [****..]
Gold:   1466       SH:  4    Dex: 16    Spells: 11/11 levels left

rFire   . . .      SeeInvis .   y - +8 flail "Guhoras" {drain, Str+3}
rCold   . . .      Faith    .   R - +1 buckler {reflect}
rNeg    + . .      Spirit   +   g - +6 crystal plate armour of Calculation {rN+ Dex+4}
rPois   .          Reflect  +   T - +2 hat
rElec   .          Harm     .   E - +0 cloak
rCorr   .          Rampage  .   l - +0 pair of gloves
Will    ++...                   (boots unavailable)
Stlth   ..........              o - amulet of guardian spirit
HPRegen 1.35/turn               h - +6 ring of strength
MPRegen 0.13/turn               x - +6 ring of strength

@: agile, berserking, strong-willed, spiked, regenerating, very quick
A: hooves 3, rugged brown scales 2, powered by pain 1, spiny 2
a: Renounce Religion, Berserk, Trog's Hand, Brothers in Arms


You were on level 13 of the Dungeon.
You worshipped Trog.
Trog was greatly pleased with you.
You visited 1 branch of the dungeon, and saw 13 of its levels.
You also visited: Bailey.

You collected 1466 gold pieces.

Inventory:

Hand Weapons
 a - the +3 dire flail of Egomania {vorpal, Will+++ Dex+4}
   (You acquired it in a bailey)

   It inflicts extra damage upon your enemies.
   Dex:       It affects your dexterity (+4).
   Will:      It greatly increases your willpower.
 d - a +7 morningstar
 y - the +8 flail "Guhoras" (weapon) {drain, Str+3}
   (You found it on level 11 of the Dungeon)

   A truly terrible weapon, it drains the life of any living foe it strikes.
   Str:       It affects your strength (+3).
Missiles
 p - 2 curare-tipped darts
 t - 36 poisoned darts
 H - 20 boomerangs
Armour
 g - the +6 crystal plate armour of Calculation (worn) {rN+ Dex+4}
   (You acquired it in a bailey)

   Dex:       It affects your dexterity (+4).
   rN:        It protects you from negative energy.
 l - a +0 pair of gloves (worn)
 E - a +0 cloak (worn)
 R - a +1 buckler of reflection (worn)
 T - a +2 hat (worn)
Jewellery
 h - a +6 ring of strength (left hand)
 o - an amulet of guardian spirit (around neck)
 w - a +4 ring of evasion
 x - a +6 ring of strength (right hand)
Wands
 A - a wand of flame (24) (quivered)
 C - a wand of acid (10)
 D - a wand of digging (8)
 F - a wand of iceblast (4)
 O - a wand of charming (2)
 U - a wand of paralysis (3)
Scrolls
 c - a scroll of teleportation
 k - a scroll of amnesia {unknown}
 r - 3 scrolls of fear {unknown}
 s - 5 scrolls of enchant weapon
 B - a scroll of brand weapon {unknown}
 I - 3 scrolls of blinking {unknown}
 N - 2 scrolls of enchant armour {unknown}
 P - a scroll of silence {unknown}
 Q - 2 scrolls of immolation {unknown}
Potions
 b - 5 potions of heal wounds {unknown}
 f - a potion of magic {unknown}
 j - a potion of brilliance {unknown}
 m - 2 potions of haste {unknown}
 n - a potion of attraction {unknown}
 q - 2 potions of berserk rage {unknown}
 u - 3 potions of lignification {unknown}
 v - a potion of flight {unknown}
 z - 4 potions of curing {unknown}
 G - a potion of degeneration {unknown}
 J - 3 potions of invisibility
 K - 4 potions of might
 M - a potion of mutation {unknown}
Miscellaneous
 e - a tin of tremorstones (1/2)
 i - a lightning rod (3/4)
 S - a phantom mirror (inert)


   Skills:
 + Level 10.9 Fighting
 * Level 10.0 Maces & Flails
 - Level 1.5 Throwing
 * Level 9.8 Armour
 + Level 9.0 Dodging
 + Level 6.5 Evocations


You had 11 spell levels left.
You didn't know any spells.
Your spell library was empty.

Dungeon Overview and Level Annotations

Branches:
Dungeon (13/15)            Temple (0/1) D:7            Lair (0/6) D:10
    Orc (0/2) D:12         Bailey (visited)
 Vaults: D:13-14

Altars:
Cheibriados

Shops:
D:5 (

Portals:
Trove: D:10 (give +2 fire dragon scales)

Annotations:
D:9 4 transporters


Innate Abilities, Weirdness & Mutations

You have hooves in place of feet.
You are mostly covered in rugged brown scales. (AC +2, +5% HP)
You sometimes gain a little power by taking damage.
You are mostly covered in sharp spines.


Message History

The vampire is struck by your spines. The vampire barely misses you.
The vampire closely misses you.
The kobold demonologist casts a spell.
The sun demon is struck by your spines.
The sun demon hits you but does no damage.
You completely miss Frances. Your kick misses Frances.
Frances is almost dead.
Frances is struck by your spines. Frances hits you with a +0 long sword.
* * * LOW HITPOINT WARNING * * *
The red devil hits you but does no damage.
The vampire misses you. The vampire barely misses you.
The orange demon misses you. The sun demon is struck by your spines.
The sun demon hits you!!
* * * LOW HITPOINT WARNING * * *
You are engulfed in flames!!
* * * LOW HITPOINT WARNING * * *
You focus on the pain.
You feel your power returning.
You bludgeon Frances!!
You feel the power of Trog in you as your rage grows.
You kill Frances!
Trog accepts your kill.
Trog appreciates your killing of a magic user.
The sun demon disappears in a puff of smoke!
The red devil disappears in a puff of smoke!
The orange demon disappears in a puff of smoke!
Your lightning rod (3/4) has regained one charge.
Your Maces & Flails skill increases to level 10!
Your Dodging skill increases to level 9!
The barbs in your skin will harm you if you move.
Continue? [Y]es or [N]o only, please.
The barbs in your skin will harm you if you move.
Continue?
Okay, then.
You closely miss the vampire. You kick the vampire!!
The vampire is almost destroyed.
The vampire casts a spell.
The vampire flickers and vanishes!
Deactivating autopickup; reactivate with Ctrl-A.
The efreet gestures at you. The bolt of fire hits you!!
You die...

...)...........
#..............
#.)......4.....
#.$))..........
##)..V..K.......
......).§.......
#.....)){......
#....§.@.......
#......÷.......
#...............
..$..R..........
....°...........
...°.#.#########
..°..#. ./.#.#.


You could see a kobold demonologist, an efreet, a vampire and a red devil
(summoned).

Vanquished Creatures
  Gastronok (D:11)
  Frances (D:13)
  An orc warlord (Bailey)
  Josephine (D:10)
  The ghost of raistware the Destroyer, a journeyman HuCj of Vehumet (D:11)
  A hydra (D:12)
  4 two-headed ogres
  Erica (D:8)
  2 centaur warriors (D:13)
  Pikel (D:8)
  An orc knight (Bailey)
  A manticore (D:11)
  Psyche (D:10)
  A kobold demonologist (D:9)
  A komodo dragon (D:10)
  5 trolls
  2 hornets
  Sigmund (D:2)
  2 shadows (D:12)
  14 yaks
  A vampire (D:12)
  5 wraiths (D:10)
  2 vampire mosquitoes (D:6)
  A basilisk (D:12)
  A steam dragon (D:8)
  An acid dragon (D:12)
  3 water moccasins
  Duvessa (D:5)
  A sky beast (D:6)
  7 orc warriors
  2 ice beasts (D:7)
  An ogre (D:5)
  A lemure (D:8)
  12 centaurs
  2 phantoms (D:12)
  2 bullfrogs (D:8)
  4 kobold brigands
  4 necrophages
  6 scorpions
  6 wights
  Dowan (D:5)
  8 killer bees
  2 howler monkeys (D:10)
  3 jellies
  4 orc priests
  A gnoll shaman (D:7)
  4 hounds
  3 iguanas
  5 orc wizards
  6 ogre zombies (D:12)
  Robin (D:4)
  11 gnolls
  17 adders
  2 shadow imps
  5 white imps
  An ufetubus (D:5)
  A dart slug (D:2)
  22 orcs
  3 ball pythons
  8 endoplasms
  A giant cockroach (D:1)
  22 goblins
  15 hobgoblins
  6 jackals
  3 quokkas
  8 bats
  4 frilled lizards (D:1)
  3 goblin skeletons (D:12)
  A hobgoblin skeleton (D:12)
  2 hobgoblin zombies (D:12)
  34 kobolds
  2 orc skeletons (D:12)
  10 orc zombies (D:12)
  8 rats
333 creatures vanquished.

Vanquished Creatures (collateral kills)
  The ghost of nuaici the Cleaver, a novice MiFi of Makhleb (D:10)
  A goblin zombie (D:12)
2 creatures vanquished.

Grand Total: 335 creatures vanquished

Notes
Turn   | Place    | Note
-------+----------+-------------------------------------------
     0 | D:1      | Dabor the Demonspawn Berserker began the quest for the Orb.
     0 | D:1      | Reached XP level 1. HP: 18/18 MP: 1/1
   272 | D:1      | Gained mutation: You have large cloven feet. [demonic
                  | ancestry]
   272 | D:1      | Reached XP level 2. HP: 17/24 MP: 2/2
   625 | D:1      | Found a faded altar of an unknown god.
   947 | D:2      | Reached ** piety under Trog
   948 | D:2      | Gained mutation: You have hoof-like feet. [demonic
                  | ancestry]
   948 | D:2      | Reached XP level 3. HP: 27/29 MP: 3/3
  1212 | D:2      | Gained mutation: You are partially covered in rugged brown
                  | scales. (AC +1, +3% HP) [demonic ancestry]
  1212 | D:2      | Reached XP level 4. HP: 29/36 MP: 4/4
  1797 | D:2      | Noticed Sigmund
  1810 | D:2      | Killed Sigmund
  1811 | D:2      | Gained mutation: You are partially covered in sharp spines.
                  | [demonic ancestry]
  1811 | D:2      | Reached XP level 5. HP: 44/44 MP: 5/5
  2017 | D:3      | Gained mutation: You sometimes gain a little power by
                  | taking damage. [demonic ancestry]
  2017 | D:3      | Reached XP level 6. HP: 50/50 MP: 6/6
  2666 | D:4      | Noticed Robin
  2685 | D:4      | Killed Robin
  2686 | D:4      | Reached skill level 5 in Fighting
  3166 | D:5      | Entered Level 5 of the Dungeon
  3177 | D:5      | Gained mutation: You are mostly covered in rugged brown
                  | scales. (AC +2, +5% HP) [demonic ancestry]
  3177 | D:5      | Reached XP level 7. HP: 40/58 MP: 7/7
  3279 | D:5      | Noticed Duvessa
  3279 | D:5      | Noticed Dowan
  3288 | D:5      | Killed Duvessa
  3291 | D:5      | Killed Dowan
  3640 | D:5      | Gained mutation: You are mostly covered in sharp spines.
                  | [demonic ancestry]
  3640 | D:5      | Reached XP level 8. HP: 68/68 MP: 8/8
  3687 | D:5      | Found Cuofapia's Antique Weapon Shoppe.
  4081 | D:6      | Reached skill level 5 in Maces & Flails
  4110 | D:6      | Found a snail-covered altar of Cheibriados.
  4119 | D:6      | Reached *** piety under Trog
  4634 | D:6      | Reached skill level 5 in Armour
  4634 | D:6      | Reached skill level 5 in Dodging
  4775 | D:7      | Found a staircase to the Ecumenical Temple.
  4811 | D:7      | Reached XP level 9. HP: 59/75 MP: 9/9
  4914 | D:7      | Found a flagged portal.
  4926 | Bailey   | Entered a bailey
  4946 | Bailey   | Noticed an orc warlord
  4994 | Bailey   | Noticed an orc knight
  5013 | Bailey   | Killed an orc knight
  5014 | Bailey   | Reached skill level 1 in Evocations
  5053 | Bailey   | Found a runed translucent gate.
  5055 | Bailey   | Found a runed translucent gate.
  5057 | Bailey   | Found a runed translucent gate.
  5161 | Bailey   | Acquired the +6 crystal plate armour of Calculation {rN+
                  | Dex+4}
  5192 | Bailey   | Killed an orc warlord
  5193 | Bailey   | Reached skill level 1 in Throwing
  5193 | Bailey   | Gained mutation: You have hooves in place of feet. [demonic
                  | ancestry]
  5193 | Bailey   | Reached XP level 10. HP: 70/86 MP: 10/10
  5268 | Bailey   | Acquired the +3 dire flail of Egomania {vorpal, Will+++
                  | Dex+4}
  5841 | D:8      | Noticed Pikel
  5844 | D:8      | Killed Pikel
  5957 | D:8      | Reached **** piety under Trog
  6053 | D:8      | Noticed Erica
  6095 | D:8      | Killed Erica
  7172 | D:9      | Found a transporter.
  7174 | D:9      | Found a transporter.
  7184 | D:9      | Noticed a two-headed ogre
  7192 | D:9      | Killed a two-headed ogre
  7193 | D:9      | Reached skill level 5 in Evocations
  7193 | D:9      | Reached XP level 11. HP: 93/93 MP: 11/11
  7247 | D:9      | Found a transporter.
  7247 | D:9      | Found a transporter.
  7261 | D:9      | Found a transporter.
  7261 | D:9      | Found a transporter.
  7710 | D:9      | Acquired 746 gold pieces
  7723 | D:10     | Entered Level 10 of the Dungeon
  7723 | D:10     | Noticed nuaici's ghost (novice MiFi)
  7723 | D:10     | Noticed Josephine
  7723 | D:10     | Found a large runed translucent door.
  7723 | D:10     | Found a large runed translucent door.
  7733 | D:10     | Killed Josephine
  7850 | D:10     | Found a staircase to the Lair.
  7927 | D:10     | Noticed Psyche
  7934 | D:10     | Reached skill level 10 in Fighting
  7949 | D:10     | Killed Psyche
  8226 | D:10     | Found a portal to a secret trove of treasure.
  8594 | D:10     | Killed nuaici's ghost
  8956 | D:11     | Found a runed translucent door.
  8956 | D:11     | Noticed raistware's ghost (journeyman HuCj)
  8964 | D:11     | Killed raistware's ghost
  9308 | D:11     | Noticed Gastronok
  9315 | D:11     | Killed Gastronok
  9494 | D:11     | Identified the +8 flail "Guhoras" {drain, Str+3}
  9577 | D:11     | Noticed a two-headed ogre
  9584 | D:11     | Killed a two-headed ogre
  9585 | D:11     | Reached XP level 12. HP: 102/102 MP: 10/12
 10030 | D:12     | Found a staircase to the Orcish Mines.
 10127 | D:12     | Noticed an eight-headed hydra
 10132 | D:12     | Killed an eight-headed hydra
 10312 | D:12     | Noticed a two-headed ogre
 10317 | D:12     | Killed a two-headed ogre
 10364 | D:12     | Noticed a two-headed ogre
 10371 | D:12     | Killed a two-headed ogre
 10762 | D:13     | Noticed a centaur warrior
 10769 | D:13     | Noticed Frances
 10860 | D:13     | Killed a centaur warrior
 10862 | D:13     | Noticed a centaur warrior
 11051 | D:13     | Killed a centaur warrior
 11061 | D:13     | HP: 3/154 [sun demon[Frances] (18)]
 11062 | D:13     | Killed Frances
 11063 | D:13     | Reached skill level 10 in Maces & Flails
 11063 | D:13     | Killed from afar by an efreet

Illustrated notes

Levels and vault maps discovered:
D:1:      psy_arrival_statuary, layout_basic, basic_ecumenical_altar,
          minmay_misc_feat_encased, hex_tiny, serial_park_tiny_pond,
          corexii_leaking_fountain, minmay_cut_off
D:2:      layout_basic, grunt_decor_arrowhead, uniq_sigmund
D:3:      layout_basic
D:4:      layout_gridville, uniq_robin
D:5:      minmay_evil_eye, layout_gridville, serial_shops,
          nicolae_shop_advertising_works [nicolae_subvault_shop_adworks],
          uniq_duvessa
D:6:      layout_loops_ring, kennysheep_mini, minmay_liquid_box
D:7:      layout_cave_pools, minmay_temple_entry_statues_fountains,
          enter_bailey_5, serial_park_tiny_2, st_stairs_6
D:8:      wander_river, layout_basic, kennysheep_generic_room_16, uniq_pikel,
          uniq_erica
D:9:      layout_basic, serial_nicolae_subway, nicolae_sub_station_stone,
          nicolae_sub_station_crystal, nicolae_sub_station_metal
D:10:     layout_rooms, lair_entry_dummy, nicolae_trove_entry_isolated,
          ebering_ghost_disaster_area, lemuel_flamethrower_1, uniq_josephine,
          uniq_psyche
D:11:     layout_grid_maze, gammafunk_ghost_grave, uniq_gastronok
D:12:     layout_basic, zombieorc1_lemuel
D:13:     layout_basic, lightli_vaults_fourway_checkpoint, uniq_sonja,
          uniq_azrael, uniq_frances

Skill      XL: |  1  2  3  4  5  6  7  8  9 10 11 12 |
---------------+-------------------------------------+-----
Armour         | 2 3 4 5 6 7 8 9 |  9.8
Dodging        | 2 3 4 5 6 7 8 9 |  9.0
Maces & Flails | 3 4 5 6 7 9 10 | 10.0
Fighting       | 4 5 6 7 8 9 10 | 10.9
Evocations     | 3 5 6 |  6.5
Throwing       | 1 |  1.5

Action                   |  1- 3 |  4- 6 |  7- 9 | 10-12 || total
-------------------------+-------+-------+-------+-------++-------
Melee: Short sword       |   114 |   108 |    44 |       ||   266
       Mace              |     4 |       |       |       ||     4
       Kick              |    15 |    31 |    52 |    81 ||   179
       Punch             |       |     1 |     5 |       ||     6
       Flail             |       |       |   146 |    80 ||   226
       Dire flail        |       |       |       |   219 ||   219
Throw: Boomerang         |       |       |    10 |       ||    10
Invok: Berserk           |       |     3 |     8 |    15 ||    26
       Trog's Hand       |       |     1 |     5 |     5 ||    11
       Brothers in Arms  |       |       |       |     3 ||     3
Evoke: Wand              |       |       |     8 |    16 ||    24
       Lightning rod     |       |       |       |     4 ||     4
       Phantom mirror    |       |       |       |     1 ||     1
       Tin of tremorston |       |       |       |     1 ||     1
  Use: Scroll            |       |       |     6 |     5 ||    11
Armor: Animal skin       |     7 |       |       |       ||     7
       Chain mail        |    37 |    48 |    67 |       ||   152
       Crystal plate arm |       |       |     5 |   253 ||   258
Dodge: Dodged            |    50 |    38 |   107 |   152 ||   347
Block: Buckler           |       |       |       |    24 ||    24
       Reflection        |       |       |       |    11 ||    11

Table legend: (Time is in decaauts)
 A = Elapsed time spent in this place.
 B = Non-inter-level travel time spent in this place.
 C = Inter-level travel time spent in this place.
 D = Time resting spent in this place.
 E = Time spent auto-exploring this place.
 F = Levels seen in this place.
 G = Mean time per level.
                   A        B        C        D        E       F      G
               +--------+--------+--------+--------+--------+-----+--------+
         Total |  11219 |  10820 |    399 |    713 |   7566 |  14 |  801.4 |
       Dungeon |  10725 |  10326 |    399 |    676 |   7498 |  13 |  825.0 |
        Bailey |    494 |    494 |      0 |     37 |     67 |   1 |  494.0 |
               +--------+--------+--------+--------+--------+-----+--------+

Top non-repeatable levels by time:
    D:12: 1199 daAuts
    D:10: 1181 daAuts
     D:8: 1177 daAuts
     D:2: 973 daAuts
    D:11: 963 daAuts
     D:6: 956 daAuts
     D:1: 909 daAuts
     D:9: 758 daAuts
     D:4: 742 daAuts
     D:5: 679 daAuts
     D:7: 624 daAuts
     D:3: 515 daAuts
  Bailey: 494 daAuts
    D:13: 42 daAuts
